 Dungeon Crawl Stone Soup version 0.14.0-12-g87ee3b7 (webtiles) character file.

13990 Nameless the Cleaver (level 11, -7/99 HPs)
             Began as a Grey Draconian Berserker on Apr 16, 2014.
             Was the Champion of Trog.
             Rolled over by a boulder beetle (24 damage)
             ... on Level 13 of the Dungeon.
             The game lasted 01:17:56 (11612 turns).

Nameless the Cleaver (Grey Draconian Berserker)    Turns: 11612, Time: 01:17:56

HP  -7/99        AC 17     Str 22      XL: 11   Next: 78%
MP   7/7         EV 16     Int  4      God: Trog [******]
Gold 338         SH 34     Dex 11      Spells:  0 memorised, 10 levels left

rFire  . . .     SeeInvis .     Q - +5,+6 broad axe (antimagic)
rCold  . . .     Clarity  .     (armour unavailable)
rNeg   . . .     Conserve .     G - +2 large shield
rPois  .         rCorr    .     A - +1 hat
rElec  .         rRot     .     u - +2 cloak
SustAb . .       Spirit   .     w - +0 pair of gloves
rMut   .         Warding  .     (no boots)
Saprov . . .     Stasis   .     n - amulet of faith
MR     .....                    T - +3 ring of evasion
                                z - ring of magical power

@: not resistant to hostile enchantments, unstealthy
A: walk through water, unfitting armour, dopey 2, herbivore 1, regeneration 1,
unbreathing, AC +12
a: Burn Spellbooks, Berserk, Trog's Hand, Brothers in Arms, Renounce Religion


You were on level 13 of the Dungeon.
You worshipped Trog.
Trog was exalted by your worship.
You were not hungry.

You visited 2 branches of the dungeon, and saw 14 of its levels.

You collected 677 gold pieces.
You spent 339 gold pieces at shops.

Inventory:

Hand weapons
 e - a +2,+2 hand axe of freezing
 Q - a +5,+6 anti-magic broad axe (weapon)
Armour
 d - the +8 large shield of Ignorance {rN+ AC+2 EV+2 Int-6 Curse}
   (You acquired it on level 9 of the Dungeon)

   It affects your AC (+2).
   It affects your evasion (+2).
   It affects your intelligence (-6).
   It protects you from negative energy.
   It may recurse itself when equipped.
 u - a +2 cloak (worn)
 w - a +0 pair of gloves (worn)
 A - a +1 hat (worn)
 G - a +2 large shield (worn)
Magical devices
 f - a wand of random effects (14)
 g - a wand of disintegration (21)
 h - a wand of cold (0)
 i - a wand of enslavement (4)
 m - a wand of flame (10)
 s - a wand of draining (6)
 t - a wand of flame (15)
 x - a wand of paralysis (9)
 C - a wand of lightning (8)
 E - a wand of polymorph (16)
 F - a wand of cold (13)
 I - a wand of enslavement (7)
 N - a wand of fire (7)
 O - a wand of fireball (3)
 P - a wand of frost (11)
Comestibles
 b - 22 sultanas
 c - a bread ration
 k - 7 meat rations
 v - 3 apples
 H - a choko
 L - a snozzcumber
Scrolls
 a - 4 scrolls of remove curse
 j - 3 scrolls of fear
 l - 2 scrolls of blinking
 p - a scroll of torment {unknown}
 B - 7 scrolls of identify
 M - 2 scrolls of magic mapping
Jewellery
 n - an amulet of faith (around neck)
 r - an uncursed ring of wizardry
 y - an uncursed ring of flight
 z - a ring of magical power (left hand)
 K - an uncursed ring of sustain abilities
 T - a +3 ring of evasion (right hand)
Potions
 o - a potion of haste {unknown}
 q - 5 potions of curing
 D - 2 potions of might


   Skills:
 * Level 9.7 Fighting
   Level 3.4 Short Blades
 * Level 10.9 Axes
   Level 3.1 Maces & Flails
 + Level 10.1 Dodging
 + Level 7.5 Shields
 + Level 0.9 Evocations


You had 10 spell levels left.
You didn't know any spells.

Dungeon Overview and Level Annotations

Branches:
Dungeon (13/15)            Temple (1/1) D:4             Orc (0/4) D:9
   Lair (0/8) D:8
 Vaults: D:13-14

Altars:
Ashenzari
Cheibriados
Dithmenos
Elyvilon
Fedhas
Kikubaaqudgha
Makhleb
Nemelex Xobeh
Okawaru
Sif Muna
Trog
Vehumet
Xom
Yredelemnul
Zin
The Shining One

Shops:
D:9 ?   D:11 [%!


Innate Abilities, Weirdness & Mutations

You can walk through water.
Your dull iron-grey scales are very hard (AC +12).
Your body does not fit into most forms of armour.
Your cold-blooded metabolism reacts poorly to cold.
You can survive without breathing.
You are very dopey. (Int -4)
You digest meat inefficiently.
Your natural rate of healing is unusually fast.


Message History

You hit the boulder beetle but do no damage.
The boulder beetle is lightly wounded.
You hit the goliath beetle.
The goliath beetle is severely wounded.
The boulder beetle misses you. You block the goliath beetle's attack.
You barely miss the goliath beetle.
The goliath beetle is severely wounded.
You slash the boulder beetle!
You tail-slap the boulder beetle, but do no damage.
The boulder beetle is moderately wounded.
The boulder beetle bites you!
* * * LOW HITPOINT WARNING * * *
Use which ability? (? or * to list)
Okay, then.
The boulder beetle curls into a ball and starts rolling!
The boulder beetle smashes into the goliath beetle!
The goliath beetle dies!
Drink which item? (? for menu, Esc to quit)
You feel better. The boulder beetle smashes into you!
You die...

....... . ............
................
..............####
...............#B#B#
.......#........##s#
.....#..##.......#B#
................##.#
##.#....@B§§%..#.#
#.##.#.............#.#
..................#####
..##.#.................
# ##................
#.......#...........
##...................
##...................
###...#..............


You could see a boulder beetle.

Vanquished Creatures
  3 hill giants
  A centaur zombie (D:12)
  2 demonic crawlers (D:13)
  A komodo dragon (D:12)
  4 trolls
  2 slime creatures (D:12)
  A deep elf mage (D:11)
  8 ugly things
  2 shadows
  A hungry ghost (D:8)
  A hill giant zombie (D:11)
  A steam dragon (D:9)
  19 yaks
  2 hippogriffs
  3 necrophages
  A soldier ant (D:11)
  2 ice beasts
  A black bear (D:11)
  A yellow wasp (D:10)
  A centaur (D:6)
  3 sky beasts
  A manticore zombie (D:13)
  2 orc warriors
  4 ogres
  Blork the orc (D:6)
  A gnoll sergeant (D:7)
  2 giant frogs
  A cyclops skeleton (D:10)
  A scorpion (D:4)
  10 wights
  8 killer bees
  A yak skeleton (D:9)
  3 crimson imps
  2 giant frog zombies
  3 orc priests
  2 jellies
  13 orc wizards
  Crazy Yiuf (D:2)
  5 goliath beetles
  8 hounds
  A quasit (D:6)
  2 iguanas
  9 worker ants
  A big kobold skeleton (D:8)
  An ogre skeleton (D:4)
  9 adders
  An orc zombie (D:8)
  7 gnolls
  A scorpion zombie (D:9)
  A worm zombie (D:8)
  An orc skeleton (D:9)
  2 shadow imps
  3 worms
  An inept feature mimic (D:7)
  A goliath beetle zombie (D:5)
  An adder zombie (D:9)
  3 giant eyeballs
  4 giant geckos
  2 oozes
  38 orcs
  26 bats
  5 giant cockroaches
  13 hobgoblins
  12 jackals
  11 kobolds
  6 giant newts
  8 goblins
  A goblin skeleton (D:5)
  A hobgoblin zombie (D:7)
  7 quokkas
  12 rats
  9 fungi (D:8)
  5 plants (D:8)
334 creatures vanquished.

Vanquished Creatures (collateral kills)
  4 slime creatures (D:12)
4 creatures vanquished.

Vanquished Creatures (others)
  A wight (D:9)
  A goliath beetle (D:13)
  An adder (D:5)
  2 giant spores (D:9)
  A fungus (D:8)
6 creatures vanquished.

Grand Total: 344 creatures vanquished

Notes
Turn   | Place    | Note
--------------------------------------------------------------
     0 | D:1      | Nameless, the Draconian Berserker, began the quest for the Orb.
     0 | D:1      | Reached XP level 1. HP: 19/19 MP: 1/1
   192 | D:1      | Reached XP level 2. HP: 20/26 MP: 2/2
   611 | D:1      | Reached skill level 1 in Maces & Flails
   629 | D:1      | Acquired Trog's second power
   757 | D:2      | Found a glowing golden altar of the Shining One.
   758 | D:2      | Found a white marble altar of Elyvilon.
   805 | D:2      | Reached XP level 3. HP: 25/31 MP: 3/3
  1391 | D:2      | Reached XP level 4. HP: 20/38 MP: 4/4
  1520 | D:2      | Noticed Crazy Yiuf
  1527 | D:2      | Killed Crazy Yiuf
  1527 | D:2      | Reached skill level 4 in Dodging
  1902 | D:3      | Reached XP level 5. HP: 43/45 MP: 5/5
  2008 | D:3      | Found an ancient bone altar of Kikubaaqudgha.
  2458 | D:3      | Acquired Trog's third power
  2946 | D:4      | Reached skill level 5 in Dodging
  3129 | D:4      | Paralysed by a giant eyeball for 2 turns
  3135 | D:4      | Reached XP level 6. HP: 33/52 MP: 6/6
  3390 | D:4      | Found a staircase to the Ecumenical Temple.
  3475 | Temple   | Entered the Ecumenical Temple
  3583 | D:5      | Entered Level 5 of the Dungeon
  3666 | D:5      | Reached skill level 1 in Shields
  3851 | D:5      | Noticed a necrophage
  3858 | D:5      | Killed a necrophage
  3858 | D:5      | Your scales start taking on a dull iron-grey colour.
  3858 | D:5      | Gained mutation: You can survive without breathing. [draconian maturity]
  3858 | D:5      | Reached XP level 7. HP: 60/60 MP: 7/7
  3885 | D:5      | Reached skill level 6 in Dodging
  3892 | D:5      | HP: 3/60 [goliath beetle zombie (12)]
  4798 | D:6      | Reached skill level 5 in Fighting
  4886 | D:6      | Reached skill level 1 in Axes
  5239 | D:6      | Reached XP level 8. HP: 68/68 MP: 8/8
  5319 | D:6      | Reached skill level 7 in Dodging
  5620 | D:6      | Gained mutation: You are dopey. (Int -2) [mutagenic meat]
  5622 | D:6      | Gained mutation: You are very dopey. (Int -4) [mutagenic meat]
  5623 | D:6      | Gained mutation: You digest meat inefficiently. [mutagenic meat]
  5632 | D:6      | Paralysed by a giant eyeball for 2 turns
  5635 | D:6      | Paralysed by a giant eyeball for 4 turns
  5802 | D:6      | Noticed Blork the orc
  5811 | D:6      | Killed Blork the orc
  6460 | D:7      | Reached XP level 9. HP: 40/77 MP: 10/10
  6462 | D:7      | Received a gift from Trog
  6503 | D:7      | Found a shattered altar of Ashenzari.
  6774 | D:8      | Reached skill level 5 in Axes
  6869 | D:8      | Reached skill level 8 in Dodging
  6875 | D:8      | Reached skill level 5 in Shields
  6936 | D:8      | Found a shimmering altar of Xom.
  7002 | D:8      | Found a staircase to the Lair.
  7378 | D:9      | Found a staircase to the Orcish Mines.
  7755 | D:9      | Found a blossoming altar of Fedhas.
  7933 | D:9      | Reached XP level 10. HP: 80/86 MP: 11/11
  8111 | D:9      | Received a gift from Trog
  8227 | D:9      | Found Etiulam's Magic Scroll Shoppe.
  8237 | D:9      | Bought a scroll of enchant weapon I for 59 gold pieces
  8237 | D:9      | Bought a scroll of identify for 34 gold pieces
  8237 | D:9      | Bought a scroll of identify for 34 gold pieces
  8316 | D:9      | Identified a scroll of acquirement
  8374 | D:9      | Found a glowing silver altar of Zin.
  8374 | D:9      | Found an iron altar of Okawaru.
  8503 | D:9      | Paralysed by a giant eyeball for 4 turns
  8741 | D:10     | Entered Level 10 of the Dungeon
  9346 | D:10     | Noticed a hill giant
  9352 | D:10     | Killed a hill giant
  9352 | D:10     | Reached skill level 9 in Axes
  9586 | D:11     | Found Jipp's Armour Shop.
  9588 | D:11     | Noticed a hill giant
  9597 | D:11     | Killed a hill giant
  9639 | D:11     | Bought a +0 pair of gloves for 72 gold pieces
  9693 | D:11     | Found Shruyfu's Food Boutique.
  9696 | D:11     | Bought a pear for 7 gold pieces
  9696 | D:11     | Bought an apple for 7 gold pieces
  9759 | D:11     | Reached XP level 11. HP: 95/95 MP: 7/12
  9776 | D:11     | Received a gift from Trog
 10595 | D:11     | Found Roere's Distillery.
 10605 | D:11     | Bought 2 potions of poison for 36 gold pieces
 10609 | D:11     | Bought a potion of degeneration for 36 gold pieces
 10618 | D:11     | Gained mutation: Your natural rate of healing is unusually fast. [potion of beneficial mutation]
 10629 | D:11     | Bought a potion of heal wounds for 54 gold pieces
 10845 | D:12     | Received a gift from Trog
 10883 | D:12     | Reached skill level 10 in Axes
 10896 | D:12     | HP: 3/97 [slime creature (16)]
 11411 | D:12     | Noticed a hill giant
 11427 | D:12     | Killed a hill giant
 11427 | D:12     | Reached skill level 10 in Dodging
 11612 | D:13     | Rolled over by a boulder beetle

Action                   |  1- 3 |  4- 6 |  7- 9 | 10-12 || total
-------------------------+-------+-------+-------+-------++-------
Melee: Short sword       |    28 |       |       |       ||    28
       Mace              |    93 |       |       |       ||    93
       Whip              |    16 |   229 |   110 |       ||   355
       War axe           |       |       |   178 |    16 ||   194
       Broad axe         |       |       |   199 |   311 ||   510
Invok: Berserk           |       |     2 |     1 |     6 ||     9
       Trog's Hand       |       |       |     1 |       ||     1
       Brothers in Arms  |       |       |       |     1 ||     1
Evoke: Wand              |       |       |     6 |     4 ||    10
  Use: Potion            |       |       |     1 |     8 ||     9
       Scroll            |       |       |     6 |    21 ||    27
 Stab: Sleeping          |       |       |       |     1 ||     1
